 Dungeon Crawl Stone Soup version 0.27.1-33-g824d729ab1 (webtiles) character file.

Game seed: 14260258614349616219

20 SensoryNuts the Conjurer (level 2, 0/20 HPs)
             Began as a Draconian Conjurer on Dec 6, 2021.
             Succumbed to an adder's poison
             ... on level 2 of the Dungeon.
             The game lasted 00:01:35 (1112 turns).

SensoryNuts the Conjurer (Draconian Conjurer)       Turns: 1112, Time: 00:01:35

Health: 0/20       AC:  4    Str:  9    XL:     2   Next: 58%
Magic:  5/5        EV: 16    Int: 18    God:
Gold:   8          SH:  0    Dex:  9    Spells: 4/5 levels left

rFire    . . .     SeeInvis .   f - +0 dagger
rCold    . . .     Faith    .   (no shield)
rNeg     . . .     Spirit   .   (armour unavailable)
rPois    .         Reflect  .   (helmet restricted)
rElec    .         Harm     .   (no cloak)
rCorr    .         Rampage  .   (no gloves)
Will     .....                  (no boots)
Stlth    ++........             (no amulet)
HPRegen  0.06/turn              g - +4 ring of evasion
MPRegen  0.09/turn              (no ring)

@: lethally poisoned (0 -> -2)
A: AC +4, unfitting armour, cold-blooded
a: no special abilities


You were on level 2 of the Dungeon.
You visited 1 branch of the dungeon, and saw 2 of its levels.

You collected 8 gold pieces.

Inventory:

Hand Weapons
 f - a +0 dagger (weapon)
 h - a +0 dagger
Jewellery
 g - a +4 ring of evasion (left hand)
Scrolls
 a - a scroll of magic mapping {unknown}
 b - a scroll of teleportation {unknown}
Potions
 c - a potion of curing {unknown}
 d - 3 potions of haste {unknown}
 e - a potion of mutation {unknown}


   Skills:
 + Level 1.8 Dodging
 + Level 1.9 Stealth
 + Level 2.1 Spellcasting
 + Level 4.6 Conjurations


You had 4 spell levels left.
You knew the following spells:

 Your Spells              Type           Power      Damage    Failure   Level
a - Magic Dart            Conj           72%        1d6       2%          1

Your spell library contained the following spells:

 Spells                   Type           Power      Damage    Failure   Level
 Searing Ray              Conj           36%        3d4       4%          2
 Dazzling Flash           Conj/Hex       20%        N/A       21%         3
 Inner Flame              Hex/Fire       1%         N/A       47%         3
 Fulminant Prism          Conj/Hex       5%         3d7       56%         4
 Iskenderun's Mystic Bla  Conj/Tloc      10%        2d4       56%         4
 Cause Fear               Hex            0%         N/A       87%         4
 Discord                  Hex            0%         N/A       100%        8


Dungeon Overview and Level Annotations

Branches:
Dungeon (2/15)

Altars:


Innate Abilities, Weirdness & Mutations

Your plain brown scales are hard. (AC +4)
You cannot fit into any form of body armour.
You are cold-blooded and may be slowed by cold attacks.


Message History

You feel sick. The adder barely misses you.
The ball python completely misses you. The ball python constricts you.
You hit the ball python but do no damage.
The ball python is severely wounded.
You feel sick. The adder misses you. The ball python closely misses you.
The ball python constricts you.
You hit the ball python but do no damage.
The ball python is severely wounded.
You feel sick. The adder closely misses you.
The ball python closely misses you. The ball python constricts you.
The adder bites you but does no damage.
You hit the ball python.
You kill the ball python!
You feel sick.
You are no longer poisoned.
The adder barely misses you.
You are too injured to fight recklessly!
The adder closely misses you.
You hit the adder but do no damage.
Your tail-slap misses the adder.
The adder misses you. The adder bites you.
You are poisoned.
The adder poisons you!
You are too injured to fight recklessly!
You are too injured to fight recklessly!
You barely miss the adder.
You feel sick. The adder closely misses you.
You are too injured to fight recklessly!
You are too injured to fight recklessly!
You are too injured to fight recklessly!
You are too injured to fight recklessly!
You are too injured to fight recklessly!
Unknown command.
You are too injured to fight recklessly!
You are too injured to fight recklessly!
You hit the adder but do no damage.
You feel sick. The adder bites you.
* * * LOW HITPOINT WARNING * * *
You completely miss the adder.
* * * LOW HITPOINT WARNING * * *
You feel sick. The adder completely misses you.
You miss the adder.
You die...

#. ! .... ♣ ♣)
#..### ≈≈
♣≈#####....
♣≈≈♣♣........#
≈≈≈≈♣.....#.
≈≈♣≈≈≈♣.<.#.####.#
≈≈≈≈≈♣≈.#.#@S.!..#
≈≈≈≈P≈P<....####.#
≈g≈♣≈≈#.#.#.#
♣♣...#.#.#
#####.#.# #.#.#
#.#.# #.... ....#


You could see an adder.

Vanquished Creatures
  A dart slug (D:1)
  3 ball pythons
  4 bats (D:1)
  An endoplasm (D:1)
  A goblin (D:1)
  2 quokkas (D:1)
  2 frilled lizards (D:1)
  A kobold (D:1)
  3 rats (D:1)
18 creatures vanquished.

Notes
Turn   | Place    | Note
-------+----------+-------------------------------------------
     0 | D:1      | SensoryNuts the Draconian Conjurer began the quest for the
                  | Orb.
     0 | D:1      | Reached XP level 1. HP: 14/14 MP: 3/3
   511 | D:1      | Reached XP level 2. HP: 20/20 MP: 5/5
  1111 | D:2      | HP: 1/20 [poisoned by an adder]
  1112 | D:2      | Succumbed to an adder's poison

Illustrated notes

Levels and vault maps discovered:
D:1:      tarquinn_simple_flora_water_e, layout_loops_corners
D:2:      layout_loops_ring, serial_bayou, serial_bayou_pond_a,
          serial_bayou_pond_a, serial_bayou_lake_a, serial_bayou_shore_b,
          serial_bayou_lagoon_a, st_stairs_12, minmay_hedge_maze,
          minmay_tiny_reverse_x

Action                   || total
-------------------------++-------
Melee: Unarmed           ||    11
       Dagger            ||    17
 Cast: Magic Dart        ||    24
 Stab: Sleeping          ||     2
Armor: Skin              ||    21
Dodge: Dodged            ||    29
